 Dungeon Sprint DCSS version 0.17-a0-1718-g72dbe4d (webtiles) character file.

700000 ztt the Imperceptible (level 12, -3/118 HPs)
             Began as a Ghoul Wanderer on Aug 25, 2015.
             Was an Initiate of Makhleb.
             Slain by a meat berserker
             ... wielding a +9 battleaxe
              (46 damage)
             ... in the Dungeon (Sprint VIII: "Arena of Blood").
             The game lasted 00:00:12 (7 turns).

ztt the Imperceptible (Ghoul Wanderer)                 Turns: 7, Time: 00:00:13

Health: -3/118     AC:  2    Str: 21    XL:     12   Next: 2%
Magic:  2/27       EV: 11    Int:  7    God:    Makhleb [......]
Gold:   0          SH:  0    Dex:  8    Spells: 0 memorised, 36 levels left

rFire  . . .     SeeInvis .     m - +∞ Axe of Woe
rCold  + . .     Clarity  .     c - +0 robe
rNeg   + + +     SustAt   .     (no shield)
rPois  ∞         Gourm    .     (no helmet)
rElec  .         Spirit   .     (no cloak)
rCorr  .         Warding  .     (no gloves)
rMut   .         NoTele   +     (no boots)
MR     .....                    (no amulet)
Stlth  ++++++++..               (no ring)
                                (no ring)

@: rotting, not resistant to hostile enchantments, extraordinarily stealthy
A: rotting body, claws 1, carnivore 3, cold resistance 1, negative energy
resistance 3, slow healing 1, torment resistance, unbreathing
a: Renounce Religion


You were in the Dungeon.
You worshipped Makhleb.
Makhleb was noncommittal.
You were not hungry.

You visited 1 branch

Inventory:

Hand weapons
 d - a +0 club
 e - a +0 dagger
 m - the +∞ Axe of Woe (weapon)
   (You found it in the Dungeon)
Armour
 c - a +0 robe (worn)
Scrolls
 b - 2 scrolls of teleportation
 l - a scroll of blinking
Potions
 g - a potion of curing
 h - a potion of heal wounds
 i - a potion of haste
 j - 2 potions of magic
 k - a potion of berserk rage
Books
 a - a book of Minor Magic

   Spells                             Type                      Level
   a - Magic Dart                     Conjuration                  1
   b - Blink                          Translocation                2
   c - Call Imp                       Summoning                    2
   d - Repel Missiles                 Charms/Air                   2
   e - Slow                           Hexes                        2
   f - Conjure Flame                  Conjuration/Fire             3
   g - Mephitic Cloud                 Conjuration/Poison/Air       3
Comestibles
 f - a meat ration


   Skills:
 + Level 14.4 Fighting
   Level 1.7 Long Blades
 + Level 2.3 Axes
 + Level 23.0 Stealth
 + Level 12.8 Spellcasting
   Level 1.1 Ice Magic


You had 36 spell levels left.
You didn't know any spells.

Dungeon Overview and Level Annotations

Branches:
Dungeon (1/1)

Altars:
Makhleb


Innate Abilities, Weirdness & Mutations

Your body is rotting away.
You thrive on raw meat.
You are immune to poison.
You have sharp fingernails.
You are carnivorous and can eat meat at any time.
Your flesh is cold resistant.
You are immune to negative energy.
You heal slowly when monsters are visible.
You are immune to unholy pain and torment.
You can survive without breathing.


Message History

You have reached level 6!
Your experience leads to an increase in your attributes!
Increase (S)trength, (I)ntelligence, or (D)exterity?
You feel stronger.
You have reached level 7!
You have reached level 8!
You have reached level 9!
Your experience leads to an increase in your attributes!
Increase (S)trength, (I)ntelligence, or (D)exterity?
You feel stronger.
You have reached level 10!
You feel stronger.
You have reached level 11!
You have reached level 12!
Your experience leads to an increase in your attributes!
Increase (S)trength, (I)ntelligence, or (D)exterity?
You feel stronger.
You hear a shout! x10
The meat berserker hits you with a +9 battleaxe!!!
You die...

#.. ..# ...###...
..###.
........###......
#..o....._.....
..... #.....#
......#_.<._# .
......#.....#....
#........_.......
......O@###......
...###.oo....###.
#.......#
#.......#
..........
...........
.........o.
...........#


You could see a meat berserker (berserk) and 4 bags of meat.

Vanquished Creatures
  An orc (D)
1 creature vanquished.

Notes
Turn   | Place    | Note
--------------------------------------------------------------
     0 | D        | ztt the Ghoul Wanderer began the quest for the Orb.
     0 | D        | ztt set off with: a book of Minor Magic, 2 scrolls of teleportation, a +0 robe, a +0 club, a +0 dagger, a meat ration, a potion of curing, a potion of heal wounds, a potion of haste, 2 potions of magic, a potion of berserk rage, a scroll of blinking
     0 | D        | Reached XP level 1. HP: 17/17 MP: 2/2
     3 | D        | Noticed a bag of meat
     3 | D        | Noticed a bag of meat
     4 | D        | Became a worshipper of Makhleb the Destroyer
     5 | D        | Noticed a bag of meat
     5 | D        | Noticed a meat berserker
     7 | D        | Noticed a bag of meat
     7 | D        | Noticed a bag of meat
     7 | D        | Killed a bag of meat
     7 | D        | Reached skill level 14 in Fighting
     7 | D        | Reached skill level 23 in Stealth
     7 | D        | Reached XP level 2. HP: 20/47 MP: 2/14
     7 | D        | Reached XP level 3. HP: 22/53 MP: 2/16
     7 | D        | Reached XP level 4. HP: 25/61 MP: 2/17
     7 | D        | Reached XP level 5. HP: 27/68 MP: 2/19
     7 | D        | Reached XP level 6. HP: 29/75 MP: 2/20
     7 | D        | Reached XP level 7. HP: 31/82 MP: 2/22
     7 | D        | Reached XP level 8. HP: 34/90 MP: 2/23
     7 | D        | Reached XP level 9. HP: 36/96 MP: 2/24
     7 | D        | Reached XP level 10. HP: 39/104 MP: 2/25
     7 | D        | Reached XP level 11. HP: 41/111 MP: 2/26
     7 | D        | Reached XP level 12. HP: 43/118 MP: 2/27
     7 | D        | Slain by a meat berserker

Vault maps used:
D:        meatsprint

Action                   |  1- 3 |  4- 6 |  7- 9 | 10-12 || total
-------------------------+-------+-------+-------+-------++-------
Melee: Executioner's axe |     1 |       |       |       ||     1
